 Dungeon Crawl Stone Soup version 0.24.0-37-gcf1ca852f1 (webtiles) character file.

Game seed: 16552909600436722416, levelgen mode: deterministic

44 Raikaria the Chiller (level 3, -4/28 HPs)
             Began as a Naga Ice Elementalist on Dec 5, 2019.
             Was an Initiate of Fedhas.
             Slain by a worm (9 damage)
             ... on level 3 of the Dungeon.
             The game lasted 00:05:03 (1951 turns).

Raikaria the Chiller (Naga Ice Elementalist)        Turns: 1951, Time: 00:05:05

Health: -4/28      AC:  2    Str: 10    XL:     3   Next: 60%
Magic:  0/7        EV:  9    Int: 16    God:    Fedhas [......]
Gold:   92         SH:  0    Dex: 11    Spells: 3/7 levels left

rFire    . . .     SeeInvis +   s - +0 spear
rCold    . . .     Gourm    .   (no shield)
rNeg     + . .     Faith    .   f - +0 leather armour (curse)
rPois    +         Spirit   .   (no helmet)
rElec    .         Reflect  .   (no cloak)
rCorr    .         Harm     .   (no gloves)
MR       +....                  (no barding)
Stlth    ++........             (no amulet)
HPRegen  0.09/turn              h - ring of protection from magic
MPRegen  0.10/turn              k - ring of positive energy

@: very slightly contaminated, very slow
A: large, see invisible, deformed body, poison resistance, slowness 2, slow
metabolism 1, spit poison 1, AC +1
a: Spit Poison, Renounce Religion


You were on level 3 of the Dungeon.
You worshipped Fedhas.
Fedhas was noncommittal.
You were not hungry.

You visited 1 branch of the dungeon, and saw 3 of its levels.

You collected 92 gold pieces.

Inventory:

Hand Weapons
 e - a +0 dagger of draining
 s - a +0 spear (weapon)
Missiles
 d - 3 boomerangs (quivered)
Armour
 a - a +0 robe
 f - a cursed +0 leather armour (worn)
Jewellery
 h - a ring of protection from magic (left hand)
 k - a ring of positive energy (right hand)
Scrolls
 b - 2 scrolls of fear {unknown}
 g - a scroll of identify
 l - a scroll of magic mapping {unknown}
 m - a scroll of enchant armour {unknown}
 n - 2 scrolls of teleportation {unknown}
 q - 2 scrolls of remove curse {unknown}
Potions
 i - a potion of curing {unknown}
 j - a potion of berserk rage {unknown}
 o - a potion of brilliance {unknown}
 p - a potion of flight {unknown}
 r - a potion of cancellation {unknown}
Comestibles
 c - 4 rations
 t - a chunk of flesh


   Skills:
 - Level 1.5 Dodging
 - Level 3.0 Stealth
 + Level 2.9 Spellcasting
   Level 1.0 Conjurations
 + Level 3.8 Ice Magic


You had 3 spell levels left.
You knew the following spells:

 Your Spells              Type           Power        Failure   Level  Hunger
a - Freeze                Ice            ##..         5%          1    #......
b - Ozocubu's Armour      Chrm/Ice       #.......     34%         3    ###....

Your spell library contained the following spells:

 Spells                   Type           Power        Failure   Level  Hunger
 Throw Frost              Conj/Ice       ##....       14%         2    ##.....
 Throw Icicle             Conj/Ice       ##......     67%         4    #####..
 Summon Ice Beast         Ice/Summ       #.......     75%         4    #####..


Dungeon Overview and Level Annotations

Branches:
Dungeon (3/15)

Altars:
Fedhas
Hepliaklqana
Wu Jian
The Shining One


Innate Abilities, Weirdness & Mutations

You cannot wear boots.
Your serpentine skin is tough. (AC +1)
You have supernaturally acute eyesight. (SInv)
Armour fits poorly on your strangely shaped body.
Your system is resistant to poisons. (rPois)
You cover ground very slowly.
You have a slow metabolism.
You can spit poison.


Message History

Confirm with . or Enter, or press ? or * to list all spells.
Aiming: Freeze (safe; 5% risk of failure)
Press: ? - help, Shift-Dir - straight line, f/p - worm
Aim: a worm (heavily wounded)
You freeze the worm.
The worm is severely wounded.
The quokka bites you.
* * * LOW HITPOINT WARNING * * *
Casting: Freeze (safe; 5% risk of failure)
Confirm with . or Enter, or press ? or * to list all spells.
Aiming: Freeze (safe; 5% risk of failure)
Press: ? - help, Shift-Dir - straight line, f/p - worm
Aim: a worm (severely wounded)
You miscast Freeze.
You are very lightly contaminated with residual magic.
Nothing appears to happen.
The quokka bites you.
* * * LOW HITPOINT WARNING * * *
The worm bites you!
You die...
Fedhas appreciates your contribution to the ecosystem.

.............
.##............$
................
................ ....
....g.........#... .....
.....)...[....#.#.##....
#......†..##.#.#..#...#
#....@w.###.#.##.....#
......r#...##.#.# #....#
.###....._......###....#
..................#...#
........................
.>...._..8.........#....
...............###.#...#
.....#....._.####......#
#####.......# #......#


You could see a worm, a quokka and a hobgoblin.

Vanquished Creatures
  An adder (D:2)
  A dart slug (D:1)
  4 giant cockroaches
  6 goblins
  6 hobgoblins
  A kobold (D:1)
  A ball python (D:2)
  6 bats
  A frilled lizard (D:2)
  A rat (D:1)
28 creatures vanquished.

Notes
Turn   | Place    | Note
-------+----------+-------------------------------------------
     0 | D:1      | Raikaria the Naga Ice Elementalist began the quest for the
                  | Orb.
     0 | D:1      | Reached XP level 1. HP: 15/15 MP: 3/3
   352 | D:1      | Reached XP level 2. HP: 17/22 MP: 5/5
  1339 | D:2      | Reached XP level 3. HP: 24/28 MP: 6/6
  1353 | D:2      | Learned a level 3 spell: Ozocubu's Armour
  1417 | D:2      | Found a hazy altar of Hepliaklqana.
  1927 | D:3      | Found a glowing golden altar of the Shining One.
  1929 | D:3      | Found a blossoming altar of Fedhas.
  1932 | D:3      | Found an ornate altar of the Wu Jian Council.
  1942 | D:3      | Became a worshipper of Fedhas Madash
  1951 | D:3      | Slain by a worm

Levels and vault maps discovered:
D:1:      matt_arrival_grand_opening, layout_loops_corners
D:2:      layout_basic, old_standard_altar
D:3:      layout_rooms, nicolae_overflow_crystal_walls,
          grunt_temple_overflow_open, gup_sewer_entry_bubbles,
          lemuel_altar_in_water

Action                   || total
-------------------------++-------
Melee: Dagger            ||    70
       Unarmed           ||     5
       Spear             ||     3
 Cast: Freeze            ||    23
  Use: Scroll            ||     2
 Stab: Sleeping          ||     2
  Eat: Chunk             ||     2
Armor: Robe              ||     1
       Leather armour    ||    24
Dodge: Dodged            ||    44
